 Dungeon Crawl Stone Soup version 0.19-a0-1912-g48530cd (webtiles) character file.

211 Firecrotchwizard the Conjurer (level 5, -3/28 HPs)
             Began as a Deep Elf Conjurer on Dec 16, 2016.
             Slain by Grinder (9 damage)
             ... while paralysed by Grinder
             ... on level 3 of the Dungeon.
             The game lasted 00:06:52 (2551 turns).

Firecrotchwizard the Conjurer (Deep Elf Conjurer)   Turns: 2551, Time: 00:06:52

Health: -3/28      AC:  2    Str:  6    XL:     5   Next: 57%
Magic:  1/13       EV:  2    Int: 20    God:
Gold:   107        SH:  0    Dex: 19    Spells: 0/12 levels left

rFire  . . .     SeeInvis .     c - +0 hand axe (venom)
rCold  . . .     Faith    .     a - +0 robe
rNeg   . . .     Spirit   .     (no shield)
rPois  .         Reflect  .     (no helmet)
rElec  .                        (no cloak)
rCorr  .                        (no gloves)
MR     .....                    (no boots)
Stlth  ++........               (no amulet)
                                (no ring)
                                o - +4 ring of dexterity

@: paralysed
A: no striking features
a: no special abilities


You were on level 3 of the Dungeon.
You were not hungry.

You visited 1 branch of the dungeon, and saw 3 of its levels.

You collected 107 gold pieces.

Inventory:

Hand Weapons
 c - a +0 hand axe of venom (weapon)
Armour
 a - a +0 robe (worn)
Jewellery
 o - a +4 ring of dexterity (left hand)
Scrolls
 d - a scroll of fog {unknown}
 i - 2 scrolls of identify {unknown}
 k - a scroll of recharging {unknown}
 l - 3 scrolls of immolation {unknown}
 n - a scroll of teleportation {unknown}
 p - a scroll of random uselessness {unknown}
 q - a scroll of noise {unknown}
Potions
 e - a potion of ambrosia {unknown}
 f - a potion of flight {unknown}
 g - a potion of mutation {unknown}
 h - a potion of haste {unknown}
 j - a potion of heal wounds {unknown}
 m - 2 potions of curing {unknown}
Books
 b - a book of Conjurations

   Spells                             Type                      Level
   a - Magic Dart                     Conjuration                  1
   b - Searing Ray                    Conjuration                  2
   c - Dazzling Spray                 Conjuration/Hexes            3
   d - Fulminant Prism                Conjuration/Hexes            4
   e - Iskenderun's Mystic Blast      Conjuration                  4
   f - Iskenderun's Battlesphere      Conjuration/Charms           5


   Skills:
 + Level 3.5 Dodging
 - Level 2.4 Stealth
 + Level 4.4 Spellcasting
 * Level 6.1 Conjurations
 + Level 2.6 Charms


You couldn't memorise any spells.
You knew the following spells:

 Your Spells              Type           Power        Failure   Level  Hunger
a - Magic Dart            Conj           ####         1%          1    None
b - Searing Ray           Conj           ####..       1%          2    #......
c - Iskenderun's Mystic   Conj           ####....     12%         4    ####...
d - Iskenderun's Battles  Conj/Chrm      ###.....     58%         5    ######.


Dungeon Overview and Level Annotations

Branches:
Dungeon (3/15)
 Temple: D:3-6         Lair: D:-1         Crypt: Vaults:-1     Tomb: Vaults:-1

Altars:

Annotations:
D:3 Grinder


Message History

Grinder gestures at you. You resist with significant effort.
Grinder misses you.
You closely miss Grinder.
Grinder is severely wounded.
Grinder barely misses you.
You closely miss Grinder.
Grinder is severely wounded.
Grinder says, "DUCK!"
Grinder hits you (10)!
You writhe in agony (4).
* * * LOW HITPOINT WARNING * * *
You hit Grinder (3).
Grinder is almost dead.
Grinder looks more healthy.
Grinder says, "Mostly I couldn't keep them alive."
Grinder gestures at you.
You suddenly lose the ability to move!
Grinder hits you (2).
* * * LOW HITPOINT WARNING * * *
Grinder hits you (9)!
You die...

###### #....# . #....#
... #....#
....#############....###
..).....................
......)@5..######....###
....###...[..........#..
. ##.....####.(..#.#
#...............#
#...######....... #...#
##...... #...# ##...#.
##### ##..#... #..#####


You could see Grinder.

Vanquished Creatures
  A scorpion (D:3)
  Terence (D:3)
  6 adders
  An ooze (D:1)
  4 dart slugs (D:1)
  3 leopard geckos
  3 orcs (D:3)
  4 giant cockroaches
  10 goblins
  9 hobgoblins
  5 kobolds
  2 quokkas
  2 ball pythons
  9 bats
  6 frilled lizards
  5 rats
71 creatures vanquished.

Notes
Turn   | Place    | Note
-------+----------+-------------------------------------------
     0 | D:1      | Firecrotchwizard the Deep Elf Conjurer began the quest for the Orb.
     0 | D:1      | Reached XP level 1. HP: 10/10 MP: 6/6
   128 | D:1      | Reached XP level 2. HP: 15/15 MP: 2/8
   183 | D:1      | Learned a level 2 spell: Searing Ray
   371 | D:1      | Reached skill level 5 in Conjurations
   465 | D:1      | Reached XP level 3. HP: 19/19 MP: 6/10
  1304 | D:2      | Reached XP level 4. HP: 24/24 MP: 7/11
  1593 | D:3      | Noticed Grinder
  1673 | D:3      | Reached skill level 1 in Charms
  2112 | D:3      | Learned a level 4 spell: Iskenderun's Mystic Blast
  2361 | D:3      | Reached XP level 5. HP: 28/28 MP: 10/13
  2368 | D:3      | Learned a level 5 spell: Iskenderun's Battlesphere
  2395 | D:3      | Reached skill level 6 in Conjurations
  2497 | D:3      | Noticed Terence
  2503 | D:3      | Killed Terence
  2549 | D:3      | Paralysed by Grinder for 7 turns
  2551 | D:3      | Slain by Grinder

Vault maps used:
D:1:      shiori_shiawase
D:3:      uniq_terence, uniq_grinder

Skill      XL: |  1  2  3  4  5 |
---------------+----------------+-----
Conjurations   | 5 6 |  6.1
Dodging        | 3 |  3.5
Charms         | 2 |  2.6
Spellcasting   | 4 |  4.4
Stealth        | |  2.4

Action                   |  1- 3 |  4- 6 || total
-------------------------+-------+-------++-------
Melee: Hand axe          |     1 |     8 ||     9
 Cast: Magic Dart        |    73 |    71 ||   144
       Searing Ray       |     1 |     4 ||     5
Armor: Robe              |       |     3 ||     3
Dodge: Dodged            |     1 |    25 ||    26
